 Dungeon Crawl Stone Soup version 0.22.1-2-g9c5b331 (webtiles) character file.

238 corax the Skirmisher (level 5, -1/42 HPs)
             Began as a Mummy Fighter on Jan 5, 2019.
             Killed from afar by an orc wizard (16 damage)
             ... with a puff of flame
             ... on level 3 of the Dungeon.
             The game lasted 00:07:44 (2604 turns).

corax the Skirmisher (Mummy Fighter)                Turns: 2604, Time: 00:07:45

Health: -1/42      AC:  6    Str: 20    XL:     5   Next: 78%
Magic:  5/5        EV:  7    Int:  7    God:
Gold:   245        SH:  9    Dex: 12    Spells: 4/4 levels left

rFire    x . .     SeeInvis .   a - +0 long sword
rCold    + . .     Gourm    .   c - +0 shield
rNeg     + + +     Faith    .   b - +0 scale mail
rPois    ∞         Spirit   .   (no helmet)
rElec    .         Reflect  .   (no cloak)
rCorr    .         Harm     .   (no gloves)
MR       .....                  (no boots)
Stlth    ..........             (no amulet)
HPRegen  0.14/turn              (no ring)
MPRegen  0.09/turn              (no ring)

@: no status effects
A: no food or potions, fire vulnerability, cold resistance 1, negative energy
resistance 3, torment resistance, unbreathing
a: no special abilities


You were on level 3 of the Dungeon.
You were not hungry.

You visited 1 branch of the dungeon, and saw 4 of its levels.

You collected 245 gold pieces.

Inventory:

Hand Weapons
 a - a +0 long sword (weapon)
Armour
 b - a +0 scale mail (worn)
 c - a +0 shield (worn)
Jewellery
 g - an uncursed ring of resist corrosion {unknown}
Wands
 h - a wand of flame (26)
Scrolls
 d - 6 scrolls of identify {unknown}
 e - 4 scrolls of remove curse {unknown}
 f - a scroll of enchant weapon {unknown}
 i - 3 scrolls of immolation {unknown}


   Skills:
 + Level 4.1 Fighting
 + Level 2.8 Long Blades
 + Level 3.4 Armour
 + Level 3.4 Shields


You had 4 spell levels left.
You didn't know any spells.
Your spell library was empty.

Dungeon Overview and Level Annotations

Branches:
Dungeon (4/15)
 Temple: D:4-7

Altars:
Cheibriados


Innate Abilities, Weirdness & Mutations

You do not eat or drink.
Your flesh is vulnerable to fire.
You are immune to poison.
Your flesh is cold resistant. (rC+)
You are immune to negative energy. (rN+++)
You are immune to unholy pain and torment.
You can survive without breathing.


Message History

You slash the orc wizard!
The orc wizard is heavily wounded.
The orc wizard hits you but does no damage.
The orc wizard points at you and mumbles some strange words.
The magic dart hits you!
You closely miss the orc wizard.
The orc wizard is heavily wounded.
The orc wizard points at you and mumbles some strange words.
The puff of flame hits you! The fire burns you terribly!
You closely miss the orc wizard.
The orc wizard is heavily wounded.
The orc wizard hits you but does no damage.
You barely miss the orc wizard.
The orc wizard is moderately wounded.
You block the orc wizard's attack. x2
You completely miss the orc wizard.
The orc wizard is moderately wounded.
The orc wizard gestures at you while chanting.
The puff of flame hits you! The fire burns you terribly!
You die...

.# #.# #.#.########.####.......
.# #.# #.#.............'.......
.# #.# #^#####.#########.......
.# #.# #.##....[.......'.......
.# #.# #.##.##...#######.......
.# #.# #.##.##...# #....... .#
#.# #.##.##.### #....... .#
#.####.##.##.################ .#
#..........o@................ .#
######.##.###.#####......#### .#
#.##.# #.....+......# .# #.##.#
#######......# .# #.##.# #......#
.# #.##.# #.###### .# #.##.# #.#
##
.#########.##.#########.########.
...........##.............)....'.


You could see an orc wizard.

Vanquished Creatures
  An ogre (D:3)
  A scorpion (D:4)
  2 adders
  An ooze (D:1)
  4 worms (D:2)
  7 dart slugs
  A giant cockroach (D:1)
  6 goblins
  9 hobgoblins
  2 jackals (D:1)
  4 kobolds
  A ball python (D:1)
  A ball python zombie (D:2)
  6 bats
  9 frilled lizards
  9 rats
64 creatures vanquished.

Notes
Turn   | Place    | Note
-------+----------+-------------------------------------------
     0 | D:1      | corax the Mummy Fighter began the quest for the Orb.
     0 | D:1      | Reached XP level 1. HP: 18/18 MP: 1/1
    17 | D:1      | Noticed a worker ant
    17 | D:1      | Noticed a tyrant leech
    17 | D:1      | Noticed a basilisk
    18 | D:1      | Noticed a fire giant
    56 | D:1      | Reached XP level 2. HP: 19/24 MP: 2/2
   294 | D:1      | Reached XP level 3. HP: 29/29 MP: 3/3
  1174 | D:2      | Found a snail-covered altar of Cheibriados.
  1259 | D:2      | Reached XP level 4. HP: 35/35 MP: 4/4
  2176 | D:3      | Noticed an ogre
  2182 | D:3      | Killed an ogre
  2182 | D:3      | Reached skill level 4 in Fighting
  2182 | D:3      | Reached XP level 5. HP: 7/42 MP: 5/5
  2604 | D:3      | Killed from afar by an orc wizard

Skill      XL: |  1  2  3  4 |
---------------+-------------+-----
Long Blades    | 2 |  2.8
Shields        | 3 |  3.4
Armour         | 3 |  3.4
Fighting       | 4 |  4.1

Action                   |  1- 3 |  4- 6 || total
-------------------------+-------+-------++-------
Melee: Long sword        |   156 |    67 ||   223
Armor: Scale mail        |    86 |    16 ||   102
Dodge: Dodged            |    50 |    21 ||    71
Block: Shield            |    78 |    20 ||    98
       Rpst.: Long sword |    20 |     6 ||    26
